 Dungeon Crawl Stone Soup version 0.28-a0-43-g560ac104fe (webtiles) character file.

Game seed: 14426268161944791151

658 robertstho the Magician (level 7, -2/47 HPs)
             Began as a Djinni Fire Elementalist on July 28, 2021.
             Slain by a centaur (4 damage)
             ... on level 5 of the Dungeon.
             The game lasted 00:09:22 (6250 turns).

robertstho the Magician (Djinni Fire Elementalist)  Turns: 6250, Time: 00:09:23

Health: -2/47      AC:  5    Str:  5 (7)  XL:     7   Next: 86%
Gold:   136        EV:  9    Int: 23 (25) God:
                   SH:  6    Dex: 12 (13)

rFire   + + .      SeeInvis +   g - +2 war axe (elec)
rCold   . . .      Faith    .   d - +0 kite shield {reflect}
rNeg    . . .      Spirit   .   a - +0 robe
rPois   ∞          Reflect  +   j - +0 helmet {SInv}
rElec   .          Harm     .   (no cloak)
rCorr   .          Rampage  .   p - +1 pair of gloves
Will    .....                   (boots unavailable)
Stlth   ++........              (no amulet)
HPRegen 0.15/turn               i - ring of protection from cold
MPRegen 0.00/turn               u - +6 ring of intelligence

@: flying
A: sickness immunity, fire resistance 2, cold vulnerability 1, float, innate
caster, hp casting, extra vitality 1
a: no special abilities


You were on level 5 of the Dungeon.
You visited 1 branch of the dungeon, and saw 5 of its levels.

You collected 148 gold pieces.
You spent 12 gold pieces at shops.

Inventory:

Hand Weapons
 c - a +0 short sword
 g - a +2 war axe of electrocution (weapon)
Missiles
 s - a throwing net
Armour
 a - a +0 robe (worn)
 d - a +0 kite shield of reflection (worn)
 j - a +0 helmet of see invisible (worn)
 p - a +1 pair of gloves (worn)
Jewellery
 i - a ring of protection from cold (left hand)
 u - a +6 ring of intelligence (right hand)
Scrolls
 r - 2 scrolls of identify
Potions
 e - a potion of mutation
 n - 2 potions of resistance


   Skills:
 + Level 1.1 Fighting
 + Level 0.6 Axes
 + Level 3.2 Dodging
 + Level 2.7 Stealth
 + Level 0.3 Shields
 + Level 5.8 Spellcasting


You couldn't memorise any spells.
You knew the following spells:

 Your Spells              Type           Power      Damage    Failure   Level
a - Foxfire               Conj/Fire      100%       2x1d9     5%          1
b - Conjure Flame         Conj/Fire      33%        6-21      16%         3
c - Inner Flame           Hex/Fire       33%        N/A       16%         3
d - Sticky Flame          Conj/Fire      33%        2d5       45%         4
e - Fireball              Conj/Fire      16%        3d8       82%         5
f - Sandblast             Erth           66%        2d15      5%          1
g - Slow                  Hex            33%        N/A       8%          2
h - Dazzling Flash        Conj/Hex       66%        N/A       16%         3
Your spell library was empty.

Dungeon Overview and Level Annotations

Branches:
Dungeon (5/15)
 Temple: D:4-7

Altars:
Hepliaklqana

Shops:
D:2 ([?(:

Annotations:
D:2 orange crystal plate armour scroll sop


Innate Abilities, Weirdness & Mutations

You are immune to sickness and miasma.
You are immune to poison.
Your flesh is very heat resistant. (rF++)
You are vulnerable to cold. (rC-)
You float through the air rather than walking.
You learn spells naturally, not from books.
Your magical power is your life essence.
You have superior vitality. (+4 HP)


Message History

Okay, then.
As you read the scroll labelled ITEARPH EN OFRI, it crumbles to dust.
A profound silence engulfs you.
It was a scroll of silence.
The centaur hits you.
* * * LOW HITPOINT WARNING * * *
The centaur kicks you but does no damage.
It was a potion of degeneration.
There was something very wrong with that liquid.
You feel weakened.
You feel dopey.
You feel clumsy. You block the centaur's attack. The centaur barely misses you.
It was a potion of cancellation.
Your magical effects are unravelling.
You feel magically purged.
You feel yourself slow down.
Your hearing returns.
Your resistance to elements expires.
You feel your willpower return. The centaur hits you.
* * * LOW HITPOINT WARNING * * *
The centaur barely misses you.
Okay, then.
Okay, then.
You aren't carrying any items that you can evoke.
Unknown command.
Casting: Sticky Flame (extremely dangerous; 45% risk of failure)
Confirm with . or Enter, or press ? or * to list all spells.
* * * LOW HITPOINT WARNING * * *
The centaur hits you but does no damage.
The centaur kicks you but does no damage.
Unknown command.
You hit the centaur but do no damage.
The centaur is lightly wounded.
The centaur closely misses you. You block the centaur's attack.
The centaur closely misses you. The centaur barely misses you.
The centaur hits you but does no damage.
The centaur kicks you but does no damage.
You hit the centaur.
The centaur is lightly wounded.
The centaur closely misses you.
The centaur kicks you but does no damage.
The centaur hits you.
You die...

#.# #.# ## #.# .. .## #.#
.# .. #.# .#
†####.##.#####.###.# # ..
...#............#..### ..
............@c.......
.#####...#####.###.#..##.
.##........<.#.# §# #
.##.##...###.#.# .§
...............##...v
......................
.........###...##....c#
.......................
.##.##..#.......... .


You could see a centaur.

Vanquished Creatures
  A necrophage (D:2)
  2 ogres (D:4)
  A scorpion (D:4)
  3 hounds
  A gnoll shaman (D:4)
  An orc priest (D:5)
  A hound skeleton (D:4)
  Robin (D:4)
  2 adders (D:2)
  3 gnolls (D:4)
  A shadow imp (D:5)
  A white imp (D:3)
  An adder skeleton (D:4)
  A dart slug (D:1)
  10 orcs
  6 bats
  8 endoplasms
  4 giant cockroaches
  9 hobgoblins
  9 jackals
  4 quokkas
  5 ball pythons
  A frilled lizard (D:1)
  12 goblins
  8 kobolds
  A quokka skeleton (D:4)
  6 rats
103 creatures vanquished.

Vanquished Creatures (others)
  485 foxfires
485 creatures vanquished.

Grand Total: 588 creatures vanquished

Notes
Turn   | Place    | Note
-------+----------+-------------------------------------------
     0 | D:1      | robertstho the Djinni Fire Elementalist began the quest for
                  | the Orb.
     0 | D:1      | Reached XP level 1. HP: 15/15 MP: 0/0
   467 | D:1      | Reached XP level 2. HP: 17/21 MP: 0/0
  1160 | D:1      | Found a faded altar of an unknown god.
  1529 | D:1      | Reached XP level 3. HP: 22/25 MP: 0/0
  1529 | D:1      | Learned a level 1 spell: Sandblast
  1531 | D:1      | Reached skill level 3 in Spellcasting
  1814 | D:2      | Found Ycle's Book Shoppe.
  1814 | D:2      | Found Cyinoweb's Armour Shoppe.
  1931 | D:2      | Found Inkis's Weapon Boutique.
  2002 | D:2      | Found Ysonuami's Magic Scroll Shop.
  2057 | D:2      | Bought a scroll of noise for 12 gold pieces
  2273 | D:2      | Reached XP level 4. HP: 21/31 MP: 0/0
  2395 | D:2      | Noticed a necrophage
  2401 | D:2      | Killed a necrophage
  2402 | D:2      | Reached XP level 5. HP: 26/36 MP: 0/0
  2402 | D:2      | Learned a level 2 spell: Slow
  2486 | D:2      | Found Boowug's Antique Weapon Shoppe.
  2712 | D:2      | Reached skill level 4 in Spellcasting
  3588 | D:3      | Found a hazy altar of Hepliaklqana.
  4202 | D:3      | Identified 2 scrolls of acquirement
  4202 | D:3      | Acquired a +0 helmet of see invisible
  4208 | D:3      | Acquired a +0 kite shield of reflection
  4458 | D:4      | Reached XP level 6. HP: 35/41 MP: 0/0
  4541 | D:4      | Reached skill level 1 in Fighting
  4683 | D:4      | Noticed an ogre
  4691 | D:4      | Killed an ogre
  4954 | D:4      | Noticed Robin
  4962 | D:4      | Killed Robin
  4973 | D:4      | Reached XP level 7. HP: 29/47 MP: 0/0
  4973 | D:4      | Learned a level 3 spell: Dazzling Flash
  5257 | D:4      | Reached skill level 5 in Spellcasting
  6003 | D:5      | Entered Level 5 of the Dungeon
  6250 | D:5      | Slain by a centaur

Illustrated notes

Levels and vault maps discovered:
D:1:      dpeg_arrival_tiny_c, layout_basic, hellmonk_ecumenical_altar_blasted,
          corexii_corridor_pit
D:2:      layout_loops_ring, serial_shops, shop_fountains, nicolae_shop_trees,
          shop, nicolae_shop_waterfront, shop
D:3:      layout_basic, amcnicky_altar_gilded, kennysheep_small_spiral
D:4:      layout_basic, uniq_robin
D:5:      corexii_shack_village, layout_basic, lightli_temple_of_fire,
          kennysheep_little_box, serial_shops, shop

Skill      XL: |  1  2  3  4  5  6  7 |
---------------+----------------------+-----
Spellcasting   | 3 4 5 |  5.8
Dodging        | 3 |  3.2
Stealth        | 2 |  2.7
Fighting       | 1 |  1.1
Axes           | |  0.6
Shields        | |  0.3

Action                   |  1- 3 |  4- 6 |  7- 9 || total
-------------------------+-------+-------+-------++-------
Melee: War axe           |       |     6 |     2 ||     8
 Cast: Foxfire           |    86 |   147 |    69 ||   302
       Dazzling Flash    |       |       |     1 ||     1
  Use: Scroll            |       |     4 |     5 ||     9
       Potion            |       |       |     6 ||     6
Armor: Robe              |    10 |     5 |     9 ||    24
Dodge: Dodged            |    19 |    10 |    15 ||    44
Block: Kite shield       |       |     3 |     9 ||    12
       Reflection        |       |       |     1 ||     1

Table legend: (Time is in decaauts)
 A = Elapsed time spent in this place.
 B = Non-inter-level travel time spent in this place.
 C = Inter-level travel time spent in this place.
 D = Time resting spent in this place.
 E = Time spent auto-exploring this place.
 F = Levels seen in this place.
 G = Mean time per level.
                   A        B        C        D        E       F      G
               +--------+--------+--------+--------+--------+-----+--------+
         Total |   6249 |   6127 |    122 |     11 |   5453 |   5 | 1249.8 |
       Dungeon |   6249 |   6127 |    122 |     11 |   5453 |   5 | 1249.8 |
               +--------+--------+--------+--------+--------+-----+--------+

Top non-repeatable levels by time:
     D:1: 1813 daAuts
     D:4: 1751 daAuts
     D:2: 1342 daAuts
     D:3: 1096 daAuts
     D:5: 246 daAuts
